 Dungeon Crawl Stone Soup version 0.30-a0-613-gdd512c7efb (webtiles) character file.

Game seed: 7060004023427742868

1200 wormed the Cudgeller (level 8, -1/83 HPs)
             Began as an Ogre Gladiator on Jan 9, 2023.
             Slain by an orc
             ... wielding a +0 club
              (2 damage)
             ... on level 6 of the Dungeon.
             The game lasted 00:06:21 (4574 turns).

wormed the Cudgeller (Ogre Gladiator)               Turns: 4574, Time: 00:06:21

Health: -1/83      AC:  4    Str: 19    XL:     8   Next: 44%
Magic:  8/8        EV: 11    Int:  9    God:
Gold:   182        SH:  0    Dex: 12    Spells: 7/7 levels left

rFire   . . .      SeeInvis .    C - +0 giant spiked club
rCold   . . .      Faith    .    (shield currently unavailable)
rNeg    . . .      Spirit   .    b - +0 robe
rPois   .          Reflect  .    c - +1 hat
rElec   .          Harm     .    (no cloak)
rCorr   .          Rampage  .    (gloves unavailable)
Will    .....                    (boots unavailable)
Stlth   +                        (no amulet)
HPRegen 0.33/turn                (no ring)
MPRegen 0.11/turn                (no ring)

@: no status effects
A: large, unfitting armour, tough skin 1
a: no special abilities


You were on level 6 of the Dungeon.
You visited 1 branch of the dungeon, and saw 6 of its levels.

You collected 182 gold pieces.

Inventory:

Hand Weapons
 C - a +0 giant spiked club (weapon)
Missiles
 d - 2 throwing nets (quivered)
 e - a large rock
 y - 5 poisoned darts
Armour
 b - a +0 robe (worn)
 c - a +1 hat (worn)
Jewellery
 q - an amulet of reflection
 s - a ring of magical power
Wands
 j - a wand of charming (6)
 A - a wand of acid (6)
Scrolls
 f - a scroll of enchant armour
 i - 2 scrolls of amnesia
 o - 2 scrolls of fear
 r - 2 scrolls of teleportation
Potions
 a - 2 potions of curing {unknown}
 h - 2 potions of flight
 k - 2 potions of heal wounds
 l - a potion of degeneration
 t - a potion of berserk rage
 x - a potion of brilliance
 z - a potion of might {unknown}
 B - a potion of lignification {unknown}


   Skills:
 - Level 5.8 Fighting
 * Level 6.9 Maces & Flails
 - Level 4.3 Throwing
 - Level 4.5 Dodging


You had 7 spell levels left.
You didn't know any spells.
Your spell library contained the following spells:

 Spells                   Type           Power      Damage    Failure   Level
 Kiss of Death            Conj/Necr      0%         2d5       38%         1
 Cigotuvi's Dreadful Rot  Necr/Pois/Air  0%         N/A       52%         2
 Poisonous Vapours        Pois/Air       0%         N/A       52%         2
 Confusing Touch          Hex            0%         N/A       77%         3
 Gell's Gravitas          Tloc           0%         N/A       77%         3
 Ignite Poison            Fire/Tmut/Pois 0%         N/A       77%         3
 Kindle Blastsparks       Fire/Tloc/Air  0%         2d10      77%         3
 Mephitic Cloud           Conj/Pois/Air  0%         N/A       77%         3
 Teleport Other           Tloc           0%         N/A       77%         3
 Dispel Undead            Necr           0%         3d6       99%         4
 Fulminant Prism          Conj/Hex       0%         3d5       99%         4
 Iskenderun's Mystic Bla  Conj/Tloc      0%         2d3       99%         4
 Freezing Cloud           Conj/Ice/Air   0%         6-21      100%        5
 Lee's Rapid Deconstruct  Erth           0%         3d4*      100%        5
 Dispersal                Tloc           0%         N/A       100%        6


Dungeon Overview and Level Annotations

Branches:
Dungeon (6/15)
 Temple: D:4-7

Altars:
Ashenzari
Sif Muna
Yredelemnul


Innate Abilities, Weirdness & Mutations

You are too large for most types of armour.
You have tough skin. (AC +1)


Message History

The orc warrior hits you with a +0 long sword!!
The orc barely misses you. The orc priest closely misses you.
The orc warrior barely misses you.
You barely miss the orc warrior.
The orc warrior is moderately wounded.
The orc hits you with a +0 club. The orc priest completely misses you.
The orc warrior closely misses you.
You closely miss the orc warrior.
The orc warrior is moderately wounded.
The orc warrior hits you with a +0 long sword!
The orc hits you but does no damage. The orc priest closely misses you.
You barely miss the orc warrior.
The orc warrior is moderately wounded.
The orc hits you but does no damage. The orc priest hits you with a +0 club.
The orc warrior hits you with a +0 long sword.
* * * LOW HITPOINT WARNING * * *
The orc barely misses you.
The orc warrior hits you but does no damage.
The orc priest barely misses you.
You bludgeon the orc priest!!
You kill the orc priest!
The orc closely misses you.
The orc warrior hits you with a +0 long sword.
* * * LOW HITPOINT WARNING * * *
You impale the orc warrior!!
The orc warrior is almost dead.
The orc barely misses you. The orc warrior misses you.
The orc closely misses you. The orc warrior closely misses you.
You closely miss the orc warrior.
The orc warrior is almost dead.
The orc warrior hits you with a +0 long sword.
* * * LOW HITPOINT WARNING * * *
The orc hits you but does no damage.
You barely miss the orc.
The orc warrior hits you with a +0 long sword!
* * * LOW HITPOINT WARNING * * *
The orc hits you with a +0 club.
* * * LOW HITPOINT WARNING * * *
The orc hits you with a +0 club.
You die...

#.#### #...... #.#
#...... #.# #...... ##.#
...... #..# #.... #.##
###...### #†# #....)o.#
#.# #....o@.# ##.## #
##.......########...####
.......................'
###....##########...####
##..# ###.## # ##. #...#
#. #.### #. #.# #.#


You could see an orc warrior and an orc.

Vanquished Creatures
  Sigmund (D:2)
  An ice beast (D:5)
  A black bear (D:6)
  2 centaurs
  A necrophage (D:6)
  A scorpion (D:5)
  A howler monkey (D:5)
  3 hounds
  An orc priest (D:6)
  3 jellies
  3 iguanas
  2 orc wizards (D:5)
  7 adders
  A shadow imp (D:5)
  2 white imps
  A worm (D:2)
  2 dart slugs
  10 orcs
  6 ball pythons
  5 endoplasms
  5 giant cockroaches
  7 goblins
  4 hobgoblins
  6 jackals
  2 quokkas (D:1)
  4 bats
  3 frilled lizards
  4 kobolds
  8 rats
97 creatures vanquished.

Vanquished Creatures (collateral kills)
  An orc wizard (D:5)
  An orc (D:5)
2 creatures vanquished.

Grand Total: 99 creatures vanquished

Notes
Turn   | Place    | Note
-------+----------+-------------------------------------------
     0 | D:1      | wormed the Ogre Gladiator began the quest for the Orb.
     0 | D:1      | Reached XP level 1. HP: 22/22 MP: 1/1
   150 | D:1      | Reached XP level 2. HP: 17/29 MP: 2/2
   216 | D:1      | Reached skill level 3 in Maces & Flails
   554 | D:1      | Found a faded altar of an unknown god.
   686 | D:1      | Reached XP level 3. HP: 37/37 MP: 3/3
  1087 | D:2      | Noticed Sigmund
  1103 | D:2      | Killed Sigmund
  1104 | D:2      | Reached skill level 4 in Maces & Flails
  1104 | D:2      | Reached XP level 4. HP: 36/48 MP: 4/4
  1104 | D:2      | Reached XP level 5. HP: 41/54 MP: 5/5
  1214 | D:2      | Reached XP level 6. HP: 60/62 MP: 6/6
  2031 | D:3      | Found a broken altar of Ashenzari.
  2246 | D:3      | Found the dreamshard necklace {*Dream Drain}
  2795 | D:4      | Found a shimmering blue altar of Sif Muna.
  2919 | D:5      | Entered Level 5 of the Dungeon
  3072 | D:5      | Reached XP level 7. HP: 71/71 MP: 7/7
  3098 | D:5      | Reached skill level 5 in Fighting
  3124 | D:5      | Found a basalt altar of Yredelemnul.
  3144 | D:5      | Reached skill level 5 in Maces & Flails
  3407 | D:5      | HP: 1/72 [orc/+0 flail (7)]
  3717 | D:5      | Reached XP level 8. HP: 77/83 MP: 8/8
  4400 | D:6      | Reached skill level 6 in Maces & Flails
  4574 | D:6      | HP: 3/83 [orc warrior/+0 long sword (11)]
  4574 | D:6      | HP: 1/83 [orc/+0 club (2)]
  4574 | D:6      | Slain by an orc

Illustrated notes

Levels and vault maps discovered:
D:1:      lemuel_arrival_room, layout_basic, chequers_ecumenical_altar_island,
          kennysheep_nondescript
D:2:      layout_basic, uniq_sigmund
D:3:      layout_loops_ring, mainiacjoe_overflow_catwalk
D:4:      layout_basic, lemuel_coloured_pillars_altar,
          nicolae_overflow_hallway_of_the_gods, uniq_blork_the_orc
D:5:      layout_gridville, general_overflow_altar
D:6:      layout_loops_corners, vehumet_statue, gup_sewer_entry_glass,
          centaur_isle, uniq_edmund

Skill      XL: |  1  2  3  4  5  6  7  8 |
---------------+-------------------------+-----
Maces & Flails | 3 4 5 6 |  6.9
Fighting       | 3 4 5 |  5.8
Dodging        | 3 4 |  4.5
Throwing       | 3 4 |  4.3

Action                   |  1- 3 |  4- 6 |  7- 9 || total
-------------------------+-------+-------+-------++-------
Melee: Flail             |    72 |       |       ||    72
       Whip              |    51 |       |       ||    51
       Halberd           |       |   100 |    55 ||   155
       Giant spiked club |       |       |    26 ||    26
Throw: Throwing net      |     3 |       |       ||     3
  Use: Scroll            |       |     9 |     7 ||    16
 Stab: Held in net/web   |     1 |       |       ||     1
       Sleeping          |       |     2 |     1 ||     3
Armor: Robe              |    31 |    38 |    39 ||   108
Dodge: Dodged            |    74 |    66 |    56 ||   196

Table legend: (Time is in decaauts)
 A = Elapsed time spent in this place.
 B = Non-inter-level travel time spent in this place.
 C = Inter-level travel time spent in this place.
 D = Time resting spent in this place.
 E = Time spent auto-exploring this place.
 F = Levels seen in this place.
 G = Mean time per level.
                   A        B        C        D        E       F      G
               +--------+--------+--------+--------+--------+-----+--------+
         Total |   4675 |   4544 |    131 |     35 |   3596 |   6 |  779.2 |
       Dungeon |   4675 |   4544 |    131 |     35 |   3596 |   6 |  779.2 |
               +--------+--------+--------+--------+--------+-----+--------+

Top non-repeatable levels by time:
     D:5: 1362 daAuts
     D:2: 938 daAuts
     D:1: 866 daAuts
     D:3: 746 daAuts
     D:4: 426 daAuts
     D:6: 336 daAuts
